 Dungeon Crawl Stone Soup version 0.25.1-9-gc5326a611f (webtiles) character file.

Game seed: 9145076774454777086

123939 lqfdsuahfop the Thaumaturge (level 16, -3/141 HPs)
             Began as an Octopode Air Elementalist on Dec 25, 2020.
             Was a High Priest of Sif Muna.
             Slain by a shambling mangrove (26 damage)
             ... on level 2 of the Swamp on Dec 26, 2020.
             The game lasted 01:50:36 (58584 turns).

lqfdsuahfop the Thaumaturge (OpAE)                 Turns: 58584, Time: 01:50:37

Health: -3/141     AC: 28    Str:  7    XL:     16   Next: 91%
Magic:  20/34      EV: 19    Int: 31    God:    Sif Muna [*****.]
Gold:   3107       SH: 12    Dex: 12    Spells: 3/44 levels left

rFire    + . .     SeeInvis +   a - staff of air
rCold    + + .     Gourm    .   O - +2 buckler
rNeg     + + .     Faith    .   v - +2 hat
rPois    ∞         Spirit   .   j - amulet of reflection
rElec    +         Reflect  +   p - ring of flight
rCorr    .         Harm     .   F - +4 ring of evasion
MR       +....                  t - ring of wizardry
Stlth    +++.......             U - ring of poison resistance
HPRegen  0.33/turn              N - ring of the Vendetta {Wiz *Slow rC++ rN+ SInv}
MPRegen  0.24/turn              M - +4 ring of evasion
                                B - +6 ring of intelligence
                                R - ring of protection from fire

@: statue-form, grasped by roots, constricted, very slow
A: almost no armour, stealthy swim, amphibious, 8 rings, constrict 8, camouflage
1
a: End Transformation, Channel Magic, Forget Spell, Divine Exegesis, Renounce
Religion, Evoke Flight


You were on level 2 of the Swamp.
You worshipped Sif Muna.
Sif Muna was extremely pleased with you.
You were hungry.
You were a stone statue.
You visited 5 branches of the dungeon, and saw 26 of its levels.
You also visited: Ice Cave.

You collected 4101 gold pieces.
You spent 994 gold pieces at shops.

Inventory:

Hand Weapons
 b - the +5 hand axe "Fekleh" {vorpal, rF+ Stlth+}
   (You found it on level 5 of the Dungeon)

   It inflicts extra damage upon your enemies.
   It protects you from fire.
   It makes you more stealthy.
Missiles
 V - a throwing net (quivered)
Armour
 v - a +2 hat (worn)
 O - a +2 buckler (worn)
Magical Staves
 a - an uncursed staff of air (weapon)
Jewellery
 j - an amulet of reflection (around mantle)
 p - a ring of flight (left tentacle)
 q - an uncursed ring of ice
 t - a ring of wizardry (on tentacle)
 x - an uncursed ring of resist corrosion
 B - a +6 ring of intelligence (on tentacle)
 F - a +4 ring of evasion (right tentacle)
 M - a +4 ring of evasion (on tentacle)
 N - the ring of the Vendetta (on tentacle) {Wiz *Slow rC++ rN+ SInv}
   (You found it on level 5 of the Lair of Beasts)

   [ring of wizardry]

   It improves your spell success rate.
   It greatly protects you from cold.
   It protects you from negative energy.
   It lets you see invisible.
   It may slow you when you take damage.
 R - a ring of protection from fire (on tentacle)
 U - a ring of poison resistance (on tentacle)
Wands
 w - a wand of digging (6)
 y - a wand of acid (33)
 J - a wand of disintegration (12)
 K - a wand of polymorph (19)
 L - a wand of flame (18)
 P - a wand of paralysis (13)
 W - a wand of iceblast (10)
Scrolls
 f - 8 scrolls of enchant armour
 g - 2 scrolls of noise
 h - a scroll of brand weapon
 i - 2 scrolls of enchant weapon
 k - 3 scrolls of magic mapping
 m - 5 scrolls of amnesia
 r - 5 scrolls of immolation
 s - 4 scrolls of remove curse
 G - 2 scrolls of fog
 S - 2 scrolls of identify
 X - 3 scrolls of torment
Potions
 c - 2 potions of might
 d - 7 potions of curing
 e - a potion of magic
 l - 3 potions of lignification
 o - 5 potions of flight
 u - a potion of invisibility
 z - 3 potions of mutation
 A - a potion of heal wounds
 C - a potion of ambrosia
 E - 4 potions of haste
 H - 8 potions of stabbing
 I - 3 potions of brilliance
Miscellaneous
 Q - a tin of tremorstones (2/3)
 T - a phantom mirror
 Y - a phial of floods (inert)
Comestibles
 D - 31 rations


   Skills:
 - Level 10.0 Fighting
 - Level 5.0 Dodging
 - Level 2.6 Stealth
 - Level 4.0 Shields
 + Level 3.5 Unarmed Combat
 + Level 14.8 Spellcasting
 - Level 3.0 Conjurations
 - Level 5.0 Hexes
 - Level 1.0 Charms
 - Level 10.0 Summonings
 - Level 5.0 Necromancy
 - Level 10.0 Translocations
 + Level 3.5 Transmutations
 - Level 10.0 Air Magic
 + Level 6.3 Earth Magic
 - Level 10.0 Invocations
 - Level 5.0 Evocations


You had 3 spell levels left.
You knew the following spells:

 Your Spells              Type           Power        Failure   Level  Hunger
a - Shock                 Conj/Air       ####         1%          1    None
b - Swiftness             Chrm/Air       ######..     1%          2    None
c - Static Discharge      Conj/Air       #######.     1%          3    None
d - Airstrike             Air            #######...   1%          4    None
e - Tukima's Dance        Hex            ######..     1%          3    None
f - Silence               Hex/Air        #######...   1%          5    None
g - Malign Gateway        Summ/Tloc      ######....   8%          7    #####..
h - Borgnjor's Vile Clut  Necr/Erth      ######....   1%          5    None
i - Summon Forest         Summ/Tloc      ######....   1%          5    None
j - Statue Form           Tmut/Erth      ######...    11%         6    ###....

Your spell library contained the following spells:

 Spells                   Type           Power        Failure   Level  Hunger
 Apportation              Tloc           ######       1%          1    None
 Corona                   Hex            ######.      1%          1    None
 Foxfire                  Conj/Fire      ####         1%          1    None
 Sandblast                Erth           ######       1%          1    None
 Summon Small Mammal      Summ           ####         1%          1    None
 Call Imp                 Summ           ######..     1%          2    None
 Corpse Rot               Necr/Air       N/A          1%          2    None
 Ensorcelled Hibernation  Hex/Ice        #####.       1%          2    None
 Poisonous Vapours        Pois/Air       ######       1%          2    None
 Shroud of Golubria       Chrm/Tloc      ######       1%          2    None
 Song of Slaying          Chrm           ####....     1%          2    None
 Sublimation of Blood     Necr           ######....   1%          2    None
 Call Canine Familiar     Summ           ######..     1%          3    None
 Confusing Touch          Hex            ######..     1%          3    None
 Conjure Flame            Conj/Fire      ####....     1%          3    None
 Dazzling Flash           Conj/Hex       #####.       1%          3    None
 Gell's Gravitas          Tloc           ######....   1%          3    None
 Ignite Poison            Fire/Tmut/Pois ####....     1%          3    None
 Inner Flame              Hex/Fire       #####...     1%          3    None
 Lesser Beckoning         Tloc           ######....   1%          3    None
 Mephitic Cloud           Conj/Pois/Air  ######..     1%          3    None
 Recall                   Summ/Tloc      N/A          1%          3    None
 Stone Arrow              Conj/Erth      ######       1%          3    None
 Summon Guardian Golem    Hex/Summ       ######..     1%          3    None
 Teleport Other           Tloc           ######..     1%          3    None
 Animate Dead             Necr           N/A          1%          4    None
 Cause Fear               Hex            ######....   1%          4    None
 Dispel Undead            Necr           ######..     1%          4    None
 Iskenderun's Mystic Bla  Conj/Tloc      ######..     1%          4    None
 Passage of Golubria      Tloc           N/A          1%          4    None
 Petrify                  Tmut/Erth      ######..     1%          4    None
 Summon Ice Beast         Ice/Summ       ######..     1%          4    None
 Summon Lightning Spire   Summ/Air       #######.     1%          4    None
 Agony                    Necr           ######..     1%          5    None
 Lightning Bolt           Conj/Air       #######...   1%          5    None
 Dispersal                Tloc           ######....   1%          6    ###....
 Sticky Flame             Conj/Fire      ####....     3%          4    None
 Excruciating Wounds      Chrm/Necr      #####.....   4%          5    None
 Irradiate                Conj/Tmut      #####.....   4%          5    None
 Olgreb's Toxic Radiance  Pois           ###.....     5%          4    None
 Alistair's Intoxication  Tmut/Pois      ####....     7%          5    None
 Iskenderun's Battlesphe  Conj/Chrm      #####...     7%          5    None
 Fireball                 Conj/Fire      ####......   9%          5    None
 Death Channel            Necr           ######....   11%         6    ###....
 Freezing Cloud           Conj/Ice/Air   ######....   13%         6    ###....
 Hydra Form               Tmut           #####.....   17%         6    ###....
 Simulacrum               Ice/Necr       #####.....   28%         6    ###....
 Spellforged Servitor     Conj/Summ      ######....   28%         7    #####..
 Eringya's Noxious Bog    Tmut/Pois      ####......   36%         6    ###....
 Controlled Blink         Tloc           N/A          45%         8    ######.
 Disjunction              Tloc           ######....   45%         8    ######.
 Dragon Form              Tmut           #####.....   65%         7    #####..
 Ring of Flames           Chrm/Fire      ####......   96%         7    #####..
 Dragon's Call            Summ           ######....   99%         9    #######
 Death's Door             Chrm/Necr      #####.....   100%        8    ######.
 Shatter                  Erth           ######....   100%        9    #######


Dungeon Overview and Level Annotations

Branches:
Dungeon (15/15)            Temple (1/1) D:5            Lair (6/6) D:9
  Swamp (2/4) Lair:4        Snake (0/4) Lair:2        Slime (0/5) Lair:6
    Orc (2/2) D:10            Elf (0/3) Orc:2        Vaults (0/5) D:13
 Depths (0/5) D:15          IceCv (visited)

Altars:
Dithmenos
Elyvilon
Fedhas
Kikubaaqudgha
Nemelex Xobeh
Qazlal
Ru
Sif Muna
Trog
Uskayaw
Yredelemnul
The Shining One
Beogh

Shops:
D:7 (:*[?   Orc:2 !(!:


Innate Abilities, Weirdness & Mutations

You cannot wear most types of armour.
You are very stealthy in the water. (Stealth+)
You are amphibious.
You can wear up to eight rings at the same time.
You can use your tentacles to constrict eight enemies at once.
Your skin changes colour to match your surroundings (Stealth+).
((Your rubbery body absorbs attacks. (AC +1, EV +1)))


Message History

The insubstantial wisp completely misses you.
Unknown command.
Unknown command.
Unknown command.
Evoke which item? (* to show all) (? for menu, Esc to quit)
Aiming: Iceblast
Press: ? - help, Shift-Dir - straight line The mass of ice explodes!
The iceblast engulfs the shambling mangrove!
The shambling mangrove is moderately damaged.
You hear an angry buzzing noise.
The insubstantial wisp hits you but does no damage.
The shambling mangrove closely misses you.
* * * LOW HITPOINT WARNING * * *
The grasping roots constrict you!
The insubstantial wisp thrums sharply.
You resist.
You are struck by an arc of lightning.
The shambling mangrove is struck by an arc of lightning!
The shambling mangrove hits you!!
You die...

.....♣ ≈≈ ...... .. .≈≈≈P♣
≈≈≈.#.#..# .. ♣.≈≈♣♣♣
...#....##f ♣.≈≈PP♣♣♣
♣.##...... ♣≈..PP≈.♣♣♣♣
♣♣..?....# # ♣♣..PP≈≈...♣
♣........#.#.≈ ....PP≈≈.≈≈♣
♣§§§§......≈≈ ♣PP≈P≈≈≈...♣♣
♣§f§§.≈..≈≈≈≈ ♣P≈.PP≈≈≈≈.≈♣
♣8v§§....≈..♣ ♣♣♣♣...≈≈≈≈≈♣
♣♣v≈..≈≈≈.≈.≈ ≈ ♣....≈≈≈≈.
♣/§†≈≈≈≈≈≈... .♣
♣♣........≈≈│≈≈≈..≈≈≈≈..♣
..♣♣♣...♣.....y*.....≈≈≈≈..≈
≈§.♣♣...♣ ≈...v..≈≈≈≈≈≈≈.≈..
≈≈.≈≈.(≈♣ ♣♣♣♣♣.≈≈≈§≈≈≈....
≈≈..≈≈.♣♣ ♣.≈≈≈..≈....
≈≈≈....♣ .≈≈≈≈.≈≈...


You could see a shambling mangrove and 2 insubstantial wisps.

Vanquished Creatures
  Jorgrun (D:12)
  A thorn hunter (Swamp:2)
  Kirke (Swamp:1)
  A stone giant (Orc:1)
  An ettin (Orc:1)
  4 hydras
  4 vault guards (D:13)
  6 centaur warriors
  20 two-headed ogres
  Erica (Orc:1)
  2 ogre magi
  2 tengu warriors
  5 alligators
  4 unseen horrors
  Pikel (D:7)
  2 deep trolls (Orc:2)
  An orc knight (D:10)
  A mana viper (shapeshifter) (D:15)
  5 oklob plants
  17 cyclopes
  2 manticores
  18 ugly things
  An elephant (Lair:6)
  A nameless horror (Orc:1)
  A guardian serpent (shapeshifter) (D:14)
  A black mamba (Lair:5)
  2 gargoyles
  4 centaur skeletons
  13 spiny frogs
  7 komodo dragons
  An efreet (D:15)
  A redback zombie (D:15)
  A yaktaur (D:15)
  A tengu conjurer (D:13)
  2 tyrant leeches
  14 trolls
  A harpy zombie (D:15)
  4 polar bears
  2 hornets (shapeshifter) (D:13)
  8 hornets
  13 slime creatures
  13 hippogriffs
  26 blink frogs
  3 bog bodies
  2 vampires
  A shadow (D:15)
  2 wyverns
  A redback (D:12)
  14 spriggans (Lair:6)
  2 wraiths
  Eustachio (D:4)
  A basilisk (shapeshifter) (D:14)
  A hog (Swamp:1)
  31 yaks
  3 steam dragons (D:11)
  A basilisk (D:12)
  7 vampire mosquitoes
  3 hungry ghosts
  Edmund (D:6)
  4 nagas (Lair:2)
  A soldier ant (D:12)
  9 wargs
  2 acid dragons
  5 swamp worms (Swamp:1)
  Duvessa (D:4)
  12 porcupines
  13 water moccasins
  4 black bears
  27 orc warriors
  19 ice beasts
  3 slaves (D:7)
  5 sky beasts
  An eye of draining (D:13)
  30 ogres
  2 phantoms
  29 wolves
  3 hornet zombies
  4 boggarts (Lair:6)
  A tengu (shapeshifter) (D:10)
  24 centaurs
  2 big kobolds
  11 crocodiles
  23 bullfrogs
  A gnoll sergeant (D:8)
  2 elf skeletons (D:7)
  A wyvern skeleton (D:10)
  Dowan (D:4)
  5 scorpions
  17 killer bees
  11 wights
  6 howler monkeys
  6 crimson imps
  3 bullfrog zombies
  2 quasits
  A human zombie (D:7)
  2 bullfrog skeletons (D:8)
  4 centaur zombies
  25 orc priests
  6 hounds
  3 jellies
  27 orc wizards
  Natasha (thrice) (D:4)
  6 iguanas
  15 worker ants
  A hound skeleton (D:5)
  A worker ant zombie (D:5)
  15 adders
  A howler monkey skeleton (D:8)
  6 shadow imps
  A white imp (D:6)
  An ooze (D:1)
  A worm (D:4)
  A dart slug (D:1)
  3 leopard geckos
  115 orcs
  7 giant cockroaches
  7 goblins
  2 hobgoblins
  5 jackals
  17 kobolds
  3 quokkas
  A ball python (D:3)
  4 bats
  2 frilled lizards
  A goblin skeleton (D:6)
  3 goblin zombies (D:6)
  5 hobgoblin zombies (D:6)
  A leopard gecko skeleton (D:4)
  4 orc skeletons
  5 orc zombies
  A quokka skeleton (D:4)
  5 rats
  A briar patch (Swamp:2)
  A plant (Lair:5)
894 creatures vanquished.

Vanquished Creatures (collateral kills)
  2 ettins
  2 hydras (Swamp:2)
  A catoblepas (D:10)
  3 ogre magi
  4 two-headed ogres
  2 cyclopes
  10 ugly things (D:14)
  An orc sorcerer (Orc:1)
  2 trolls (Orc:2)
  A bog body (Swamp:2)
  A vampire mosquito (Swamp:2)
  3 insubstantial wisps (Swamp:2)
  2 ogres (Orc:2)
  3 wights (D:15)
  2 orcs
39 creatures vanquished.

Vanquished Creatures (others)
  11 eldritch tentacles
  2 fungi
  A plant (Lair:2)
  2 snaplasher vines (Orc:1)
16 creatures vanquished.

Grand Total: 949 creatures vanquished

Notes
Turn   | Place    | Note
-------+----------+-------------------------------------------
     0 | D:1      | lqfdsuahfop the Octopode Air Elementalist began the quest
                  | for the Orb.
     0 | D:1      | Reached XP level 1. HP: 11/11 MP: 3/3
   417 | D:1      | Reached XP level 2. HP: 17/17 MP: 0/5
   470 | D:1      | Learned a level 2 spell: Swiftness
  1043 | D:1      | Reached XP level 3. HP: 21/21 MP: 3/6
  1048 | D:1      | Learned a level 3 spell: Static Discharge
  1459 | D:2      | Found a blossoming altar of Fedhas.
  1610 | D:2      | Reached skill level 1 in Charms
  1919 | D:2      | Reached skill level 1 in Fighting
  2101 | D:2      | Reached XP level 4. HP: 28/28 MP: 2/7
  2696 | D:3      | Reached XP level 5. HP: 33/34 MP: 2/8
  3686 | D:4      | Noticed Natasha
  3690 | D:4      | Killed Natasha
  3818 | D:4      | Noticed Natasha
  3827 | D:4      | Killed Natasha
  3827 | D:4      | Reached skill level 3 in Spellcasting
  4007 | D:4      | Noticed Eustachio
  4011 | D:4      | Reached XP level 6. HP: 39/39 MP: 5/11
  4038 | D:4      | Killed Eustachio
  4130 | D:3      | Learned a level 4 spell: Airstrike
  4152 | D:4      | Reached skill level 4 in Spellcasting
  4208 | D:4      | Noticed Natasha
  4213 | D:4      | Killed Natasha
  4335 | D:4      | Reached skill level 5 in Air Magic
  4383 | D:4      | Reached XP level 7. HP: 45/45 MP: 8/13
  4745 | D:4      | Noticed Dowan
  4746 | D:4      | Noticed Duvessa
  4764 | D:4      | Killed Dowan
  4764 | D:4      | Reached skill level 5 in Spellcasting
  4894 | D:4      | Killed Duvessa
  5176 | D:5      | Entered Level 5 of the Dungeon
  5251 | D:5      | Learned a level 5 spell: Lightning Bolt
  5733 | D:5      | Reached XP level 8. HP: 44/50 MP: 8/15
  5802 | D:5      | Found a staircase to the Ecumenical Temple.
  5942 | D:5      | Found a stormy altar of Qazlal.
  5991 | Temple   | Entered the Ecumenical Temple
  5994 | Temple   | Became a worshipper of Sif Muna the Loreminder
  6268 | D:5      | Got a glimmering hand axe
  6268 | D:5      | Identified the +5 hand axe "Fekleh" {vorpal, rF+ Stlth+}
                  | (You found it on level 5 of the Dungeon)
  6385 | D:6      | Found a basalt altar of Yredelemnul.
  6492 | D:6      | Noticed Edmund
  6848 | D:6      | Killed Edmund
  7025 | D:6      | Noticed a hippogriff
  7028 | D:6      | Killed a hippogriff
  7688 | D:6      | Reached skill level 6 in Spellcasting
  7688 | D:6      | Reached XP level 9. HP: 54/54 MP: 2/18
  8014 | D:6      | Found a glowing golden altar of the Shining One.
  8520 | D:7      | Reached * piety under Sif Muna
  8621 | D:7      | Found Zixzeot's Armour Shop.
  8629 | D:7      | Bought a +2 hat for 224 gold pieces
  8726 | D:7      | Noticed Pikel
  8740 | D:7      | Killed Pikel
  8913 | D:7      | Reached skill level 7 in Spellcasting
  9123 | D:7      | Found Tenez's Assorted Antiques.
  9278 | D:7      | Found Rareat's Book Boutique.
  9685 | D:7      | Reached skill level 10 in Air Magic
 10110 | D:7      | Reached skill level 8 in Spellcasting
 10468 | D:7      | Found Pumuom's Magic Scroll Emporium.
 10658 | D:7      | Found Zyenka's Antique Weapon Boutique.
 11124 | D:8      | Noticed a two-headed ogre
 11188 | D:8      | Killed a two-headed ogre
 11188 | D:8      | Reached skill level 9 in Spellcasting
 11188 | D:8      | Reached XP level 10. HP: 60/60 MP: 1/23
 11386 | D:8      | Reached ** piety under Sif Muna
 11808 | D:8      | Reached skill level 10 in Spellcasting
 11841 | D:8      | Noticed a two-headed ogre
 11866 | D:8      | Killed a two-headed ogre
 12947 | D:8      | Reached *** piety under Sif Muna
 13263 | D:8      | Found a sparkling altar of Nemelex Xobeh.
 13302 | D:8      | Reached skill level 5 in Fighting
 13302 | D:8      | Reached skill level 5 in Dodging
 13518 | D:9      | HP: 1/66 [centaur/arrow (5)]
 13522 | D:9      | Reached XP level 11. HP: 13/71 MP: 15/25
 14404 | D:9      | Learned a level 3 spell: Tukima's Dance
 14898 | D:9      | Found a bloodstained altar of Trog.
 15030 | D:9      | Reached skill level 11 in Spellcasting
 15030 | D:9      | Reached skill level 1 in Hexes
 15131 | D:9      | Found a white marble altar of Elyvilon.
 15135 | D:9      | Found a sacrificial altar of Ru.
 15135 | D:9      | Found a bloodstained altar of Trog.
 15148 | D:9      | Found a hide-covered altar of Uskayaw.
 15154 | D:9      | Found a shadowy altar of Dithmenos.
 15217 | D:9      | Found a staircase to the Lair.
 15617 | D:9      | Reached **** piety under Sif Muna
 15953 | D:10     | Entered Level 10 of the Dungeon
 16392 | D:10     | Noticed a harpy
 17017 | D:10     | Reached skill level 12 in Spellcasting
 17161 | D:10     | Reached skill level 1 in Evocations
 17521 | D:10     | Noticed a catoblepas
 17522 | D:10     | Noticed a brown ugly thing
 17779 | D:9      | Killed a brown ugly thing
 18025 | D:10     | Found a staircase to the Orcish Mines.
 18279 | D:10     | Reached skill level 5 in Evocations
 18282 | D:10     | Noticed a tengu warrior
 18301 | D:10     | Killed a tengu warrior
 18742 | D:10     | Reached XP level 12. HP: 79/79 MP: 7/28
 19152 | Lair:1   | Entered Level 1 of the Lair of Beasts
 20980 | Lair:2   | Found a staircase to the Snake Pit.
 21573 | Lair:2   | Noticed an eight-headed hydra
 21578 | Lair:2   | Killed an eight-headed hydra
 21578 | Lair:2   | Reached skill level 10 in Fighting
 21836 | Lair:2   | Reached skill level 1 in Shields
 21981 | Lair:2   | Reached ***** piety under Sif Muna
 22032 | Lair:2   | Identified Sif Muna's Grimoire of Weightlessness (Sif Muna
                  | gifted it to you on level 2 of the Lair of Beasts)
 22032 | Lair:2   | Received a gift from Sif Muna
 22040 | Lair:2   | Learned a level 5 spell: Silence
 22565 | Lair:2   | Reached skill level 1 in Invocations
 24131 | Lair:4   | Reached XP level 13. HP: 92/92 MP: 1/29
 24873 | Lair:4   | Reached skill level 5 in Hexes
 24873 | Lair:4   | Reached skill level 5 in Invocations
 25447 | Lair:4   | Found a staircase to the Swamp.
 26558 | Lair:5   | Found a frozen archway.
 26579 | IceCv    | Entered an ice cave
 28183 | Lair:5   | Got a pitted granite ring
 28188 | Lair:5   | Identified the ring of the Vendetta {Wiz *Slow rC++ rN+
                  | SInv} (You found it on level 5 of the Lair of Beasts)
 28243 | Lair:6   | Entered Level 6 of the Lair of Beasts
 28253 | Lair:6   | Identified a scroll of acquirement
 28254 | Lair:6   | Acquired Daecseaq's Almanac of Creative Enhancements
 28269 | Lair:6   | Learned a level 7 spell: Malign Gateway
 28364 | Lair:6   | Reached skill level 1 in Summonings
 28364 | Lair:6   | Reached skill level 1 in Translocations
 28989 | Lair:6   | Received a gift from Sif Muna
 30404 | Lair:6   | Found a staircase to the Slime Pits.
 31050 | Lair:6   | Reached XP level 14. HP: 99/99 MP: 6/30
 31079 | Lair:6   | Reached skill level 5 in Summonings
 31119 | Lair:6   | Reached skill level 5 in Translocations
 34076 | D:12     | Learned a level 5 spell: Borgnjor's Vile Clutch
 34599 | D:12     | Reached skill level 1 in Necromancy
 34599 | D:12     | Reached skill level 1 in Earth Magic
 35040 | D:12     | Noticed Jorgrun
 35310 | D:12     | Killed Jorgrun
 37860 | D:13     | Found a gate to the Vaults.
 39512 | D:13     | Identified Sif Muna's Guide on Earthen Sinister Rites (Sif
                  | Muna gifted it to you on level 13 of the Dungeon)
 39512 | D:13     | Received a gift from Sif Muna
 40254 | D:13     | Reached XP level 15. HP: 103/103 MP: 22/31
 41719 | D:14     | Reached skill level 5 in Necromancy
 41841 | D:14     | Reached skill level 5 in Earth Magic
 42891 | D:14     | Acquired 520 gold pieces
 45025 | D:15     | Entered Level 15 of the Dungeon
 45117 | D:15     | Received a gift from Sif Muna
 45843 | D:15     | Reached skill level 10 in Summonings
 45844 | D:15     | Reached skill level 10 in Translocations
 46692 | D:15     | Reached skill level 10 in Invocations
 48372 | D:15     | Found a staircase to the Depths.
 48405 | D:15     | Found the +3 pair of gauntlets of War {Slay+5}
 49055 | D:15     | Reached XP level 16. HP: 109/109 MP: 19/32
 49436 | D:10     | Reached skill level 13 in Spellcasting
 49494 | Orc:1    | Entered Level 1 of the Orcish Mines
 49967 | Orc:1    | Noticed Erica
 49971 | Orc:1    | Killed Erica
 52824 | Orc:1    | Identified Sif Muna's Collected Works on the Traveller and
                  | Poisoning (Sif Muna gifted it to you on level 1 of the
                  | Orcish Mines)
 52824 | Orc:1    | Received a gift from Sif Muna
 53071 | Orc:1    | Reached skill level 14 in Spellcasting
 53080 | Orc:1    | Learned a level 5 spell: Summon Forest
 53568 | Orc:1    | Found the cursed +13 scythe of Curses {drain, *Curse}
 53708 | Orc:2    | Entered Level 2 of the Orcish Mines
 53817 | Orc:2    | Found a staircase to the Elven Halls.
 53819 | Orc:2    | Found Lygh's Book Emporium.
 53846 | Orc:2    | Found Xihok's Distillery.
 53846 | Orc:2    | Found Memi's Distillery.
 53889 | Orc:2    | HP: 3/109 [ogre/+0 giant spiked club (28)]
 54224 | Orc:2    | Found Wiol's Weapon Emporium.
 54237 | Orc:2    | Bought a book of Transfigurations for 770 gold pieces
 54252 | Orc:1    | Learned a level 6 spell: Statue Form
 54570 | Orc:2    | Reached skill level 1 in Unarmed Combat
 54570 | Orc:2    | Reached skill level 1 in Transmutations
 55556 | Orc:2    | Found a roughly hewn altar of Beogh.
 55926 | Swamp:1  | Entered Level 1 of the Swamp
 57448 | Swamp:1  | Noticed Kirke
 58103 | Swamp:1  | Killed Kirke
 58554 | Swamp:2  | Noticed a thorn hunter
 58563 | Swamp:2  | Killed a thorn hunter
 58573 | Swamp:2  | Identified Sif Muna's Almanac of Displacement (Sif Muna
                  | gifted it to you on level 2 of the Swamp)
 58573 | Swamp:2  | Received a gift from Sif Muna
 58584 | Swamp:2  | Slain by a shambling mangrove

Illustrated notes

Levels and vault maps discovered:
D:1:      eino_arrival_cavern_a, layout_basic
D:2:      layout_basic, nicolae_overflow_crystal_walls
D:3:      layout_basic
D:4:      layout_cave_pools, first_ration, minmay_misc_feat_tower, uniq_duvessa,
          uniq_eustachio, uniq_natasha
D:5:      layout_cave_pods, lemuel_round_altar, minmay_temple_entry_ruins,
          bh_walls_and_bars
D:6:      layout_layer_cave, yredelemnul_altar_generic,
          nicolae_tso_besieged_by_evil, uniq_edmund
D:7:      layout_layer_cave, serial_shops, nicolae_shop_behind_doors,
          nicolae_shop_crystal, shop_fountains, shop, shop,
          nicolae_ossuary_entry_catacombs, uniq_pikel
D:8:      minmay_s_stair_smasher, layout_rooms, marbit_many_paths
D:9:      layout_irregular_city, minmay_overflow_temple_star_hex,
          erik_lair_orcish_takeover, basic_altar, grunt_ogre_cave,
          kennysheep_dice
D:10:     minmay_the_grid_3x2 [minmay_the_grid_zigzag_pyramid,
          minmay_the_grid_spin_star, minmay_the_grid_spikes,
          minmay_the_grid_tiny_cups, minmay_the_grid_diamond_grid,
          minmay_the_grid_prize_inner_circle], layout_loops_ring
D:11:     cheibrodos_steamvent, layout_basic
D:12:     four-leaf_vault, layout_irregular_city, grunt_ministairs_4,
          kennysheep_doodads, uniq_jorgrun
D:13:     layout_basic, lightli_vaults_fourway_checkpoint
D:14:     layout_cave_pods
D:15:     hangedman_depths_entry_civil_slaughter, layout_cave_pools,
          hangedman_decor_clover_reticule
Temple:   nicolae_temple_hex_pool
Lair:1:   layout_small_grid, grunt_megastairs_4, serial_bayou_shore_b
Lair:2:   layout_roguey, minmay_snake_entry_guardpost_small, serial_bayou_pond_a
Lair:3:   layout_roguey
Lair:4:   layout_hall_layers, minmay_swamp_entry_reptiles
Lair:5:   layout_misc_corridors, portal_ice_cave_entry_ice_beasts,
          grunt_megastairs_1, minmay_lair_oklob_chamber
Lair:6:   minmay_lair_end_enchanted_forest, layout_big_grid,
          minmay_slime_entry_oklob_enclosed, st_stairs_12, lemuel_fruit_fields
Swamp:1:  layout_falls_marsh, nicolae_swamp_very_dense_foliage, uniq_kirke
Swamp:2:  layout_basic_swamp, evilmike_swamp_ruin_rubble_1
Orc:1:    giant_chief_lemuel, layout_diamond_mine, uniq_erica
Orc:2:    st_orc_open, layout_caves, basic_altar

Skill      XL: |  1  2  3  4  5  6  7  8  9 10 11 12 13 14 15 16 |
---------------+-------------------------------------------------+-----
Conjurations   | 2 3 |  3.0
Charms         | 1 |  1.0
Fighting       | 1 2 5 6 10 | 10.0
Spellcasting   | 3 4 5 6 9 10 12 14 | 14.8
Air Magic      | 4 5 6 8 10 | 10.0
Dodging        | 5 |  5.0
Hexes          | 2 4 5 |  5.0
Evocations     | 5 |  5.0
Shields        | 4 |  4.0
Invocations    | 3 9 10 | 10.0
Summonings     | 4 8 10 | 10.0
Translocations | 4 8 10 | 10.0
Necromancy     | 4 5 |  5.0
Earth Magic    | 4 5 6 |  6.3
Unarmed Combat | 3 |  3.5
Transmutations | 3 |  3.5
Stealth        | |  2.6

Action                   |  1- 3 |  4- 6 |  7- 9 | 10-12 | 13-15 | 16-18 || total
-------------------------+-------+-------+-------+-------+-------+-------++-------
Melee: Unarmed           |     5 |    18 |    24 |    10 |       |    14 ||    71
       Constrict         |     1 |     3 |     4 |     4 |    10 |     6 ||    28
       Tentacles         |       |     5 |     4 |     2 |    14 |    12 ||    37
       Dagger            |       |       |     2 |       |       |       ||     2
       Hand axe          |       |       |       |    11 |       |       ||    11
       Staff             |       |       |       |       |   116 |    42 ||   158
 Cast: Shock             |    63 |   106 |   294 |   361 |    65 |     8 ||   897
       Static Discharge  |     1 |     2 |     3 |    15 |    31 |    19 ||    71
       Airstrike         |       |       |    35 |   267 |   772 |   351 ||  1425
       Swiftness         |       |       |     1 |       |       |       ||     1
       Borgnjor's Vile C |       |       |       |       |    14 |     3 ||    17
       Malign Gateway    |       |       |       |       |     7 |     4 ||    11
       Lightning Bolt    |       |       |       |       |     4 |       ||     4
       Statue Form       |       |       |       |       |       |     3 ||     3
       Summon Forest     |       |       |       |       |       |     1 ||     1
Invok: Channel Magic     |       |       |       |       |     1 |     2 ||     3
Evoke: Wand              |       |       |       |       |       |     4 ||     4
       Phial of floods   |       |       |       |       |       |     1 ||     1
       Tin of tremorston |       |       |       |       |       |     1 ||     1
  Use: Scroll            |     2 |     6 |     6 |     8 |    15 |    11 ||    48
       Potion            |       |     1 |       |     3 |     1 |     4 ||     9
  Eat: Chunk             |     5 |     7 |    16 |    38 |    38 |    21 ||   125
       Ration            |       |       |     2 |     1 |    12 |     3 ||    18
Armor: Skin              |     1 |     2 |     7 |    40 |    12 |    25 ||    87
Dodge: Dodged            |    12 |    30 |    47 |   146 |   264 |   154 ||   653
Block: Other             |       |     2 |    20 |    63 |       |       ||    85
       Reflection        |       |       |       |     8 |    25 |    13 ||    46
       Buckler           |       |       |       |     2 |   203 |   130 ||   335
